 Dungeon Crawl Stone Soup version 0.31-a0-977-gc230f8ef24 (webtiles) character file.

Game seed: 6269465387267079645

81 voltaire321 the Sneak (level 4, -4/25 HPs)
             Began as a Kobold Enchanter on Oct 30, 2023.
             Killed from afar by an orc wizard (9 damage)
             ... with a magic dart
             ... on level 3 of the Dungeon.
             The game lasted 00:05:49 (2935 turns).

voltaire321 the Sneak (Kobold Enchanter)            Turns: 2935, Time: 00:05:50

Health: -4/25      AC:  3    Str:  7    XL:     4   Next: 67%
Magic:  2/7        EV: 15    Int: 16    God:
Gold:   178        SH:  0    Dex: 15    Spells: 6/8 levels left

rFire   . . .        a - +1 dagger
rCold   . . .        (no shield)
rNeg    . . .        b - +0 robe
rPois   .            (no helmet)
rElec   .            (no cloak)
rCorr   .            (no gloves)
SInv    .            m - +0 pair of boots
Will    .....        (no amulet)
Stlth   ++++         (no ring)
HPRegen 0.24/turn    (no ring)
MPRegen 0.10/turn

%: no passive effects
@: invisible
A: small, no large weapons, nightstalker 3
a: no special abilities


You were on level 3 of the Dungeon.
You visited 1 branch of the dungeon, and saw 4 of its levels.

You collected 178 gold pieces.

Inventory:

Hand Weapons
 a - a +1 dagger (weapon)
Missiles
 s - 5 poisoned darts
Armour
 b - a +0 robe (worn)
 m - a +0 pair of boots (worn)
Jewellery
 j - an amulet of guardian spirit
Scrolls
 d - 5 scrolls of identify {unknown}
 e - a scroll of enchant armour {unknown}
 f - a scroll of brand weapon {unknown}
 g - 2 scrolls of revelation {unknown}
 i - a scroll of amnesia {unknown}
 o - a scroll of teleportation {unknown}
 q - a scroll of poison {unknown}
 r - 2 scrolls of fear {unknown}
Potions
 c - a potion of invisibility
 h - a potion of degeneration {unknown}
 k - 2 potions of enlightenment {unknown}
 l - a potion of brilliance {unknown}
 n - a potion of might {unknown}
 p - a potion of heal wounds {unknown}


   Skills:
 + Level 1.2 Fighting
 + Level 2.1 Short Blades
 + Level 1.0 Armour
 + Level 3.2 Dodging
 + Level 4.3 Stealth
 + Level 2.6 Spellcasting
 + Level 3.2 Hexes
 + Level 0.8 Ice Magic


You had 6 spell levels left.
You knew the following spells:

 Your Spells              Type           Power      Damage    Failure   Level
a - Ensorcelled Hibernat  Hex/Ice        16%        N/A       13%         2

Your spell library contained the following spells:

 Spells                   Type           Power      Damage    Failure   Level
 Confusing Touch          Hex            12%        N/A       16%         3
 Tukima's Dance           Hex            12%        N/A       16%         3
 Passwall                 Tmut/Erth      1%         N/A       30%         2
 Dazzling Flash           Conj/Hex       14%        N/A       30%         3
 Swiftness                Air            2%         N/A       52%         3


Dungeon Overview and Level Annotations

Branches:
Dungeon (4/15)
 Temple: D:4-7

Altars:

Annotations:
D:3 1 runed translucent door, Maxmaps's ghost, weakling OpSh


Innate Abilities, Weirdness & Mutations

You are small and have problems with some larger weapons.
You are completely attuned to the shadows.


Message History

The orc wizard closely misses you. The adder barely misses you.
You climb upwards.
Level annotation: 1 runed translucent door, Maxmaps's ghost, weakling OpSh
There is a stone staircase leading down here.
The orc wizard hits you with a +0 dagger.
The adder attacks as it pursues you! The adder misses you.
The orc wizard hits you with a +0 dagger.
The adder attacks as it pursues you! The adder barely misses you.
The orc wizard casts a spell.
The orc wizard flickers and vanishes!
Deactivating autopickup; reactivate with Ctrl-A.
The adder bites you.
Your magical contamination has completely faded away.
The adder bites you but does no damage. Something hits you.
The adder misses you.
Aiming: Ensorcelled Hibernation (safe; 13% risk of failure)
Press: ? - help, Q - select action, (/) - cycle Shift-Dir - straight line, f - adder
Aim: an adder (chance to affect: 50%)
The adder looks drowsy...
Something hits you but does no damage.
The helpless adder fails to defend itself.
You impale the adder!!
You kill the adder!
Something hits you but does no damage.
Your Armour skill increases to level 1!
You completely miss something. Something hits you.
You miss something. Something hits you.
* * * LOW HITPOINT WARNING * * *
You fade into invisibility!
Something hits you.
* * * LOW HITPOINT WARNING * * *
A magic dart appears from out of thin air!
The magic dart hits you.
* * * LOW HITPOINT WARNING * * *
There is an open door here.
You close the door.
Something unseen opens the door.
A magic dart appears from out of thin air!
The magic dart hits you!
You die...

##.##....######.......# #.###
.................##.### #.#
.#.##.###.....#####.### #.#
......###.....##......# #####.#
.##....##.....##%.....# #...#.###
.#####........##......###..##.##.
##....##.#.##.†.........#.....#..
##....##...######.##....#.#####.#
##.........###..@..{............#
##....##.....#.##.##..........###
#.....#.##..#.##.....##......#
#.........##########.........#
##.........#.♣### ###.......#
.......#...+[8#.#####.........#
##.###.....#W♣#....{...#......#
.#.).......####........#......###
##...........##........#.........


There were no monsters in sight!

Vanquished Creatures
  An adder (D:3)
  A dart slug (D:2)
  4 orcs
  4 ball pythons
  9 bats
  6 endoplasms
  3 giant cockroaches
  6 goblins
  6 hobgoblins
  3 jackals (D:3)
  3 quokkas
  3 frilled lizards
  7 kobolds
  4 rats
60 creatures vanquished.

Notes
Turn   | Place    | Note
-------+----------+-------------------------------------------
     0 | D:1      | voltaire321 the Kobold Enchanter began the quest for the
                  | Orb.
     0 | D:1      | Reached XP level 1. HP: 10/10 MP: 3/3
   437 | D:1      | Reached XP level 2. HP: 16/16 MP: 5/5
   440 | D:1      | Learned a level 2 spell: Ensorcelled Hibernation
   695 | D:1      | Reached XP level 3. HP: 7/20 MP: 6/6
  1431 | D:2      | Reached skill level 1 in Fighting
  1969 | D:2      | Reached XP level 4. HP: 25/25 MP: 7/7
  2510 | D:3      | Found a runed translucent door.
  2510 | D:3      | Noticed Maxmaps's ghost (weakling OpSh)
  2918 | D:3      | Reached skill level 1 in Armour
  2935 | D:3      | Killed from afar by an orc wizard

Illustrated notes

Levels and vault maps discovered:
D:1:      matt_arrival_spirals, layout_basic, minmay_distorted
D:2:      layout_loops_ring, kennysheep_donut, columned_hall_lemuel
D:3:      layout_basic, gammafunk_ghost_grave
D:4:      layout_rooms, ebering_ghost_disaster_area

Skill      XL: |  1  2  3  4 |
---------------+-------------+-----
Short Blades   | 2 |  2.1
Fighting       | 1 |  1.2
Dodging        | 3 |  3.2
Armour         | 1 |  1.0
Stealth        | |  4.3
Spellcasting   | |  2.6
Hexes          | |  3.2
Ice Magic      | |  0.8

Action                     |  1- 3 |  4- 6 || total
---------------------------+-------+-------++-------
  Melee: Dagger            |   103 |    43 ||   146
         Punch             |     1 |     1 ||     2
   Cast: Ensorcelled Hiber |    10 |    11 ||    21
    Use: Potion            |       |     1 ||     1
   Stab: Sleeping          |    21 |    14 ||    35
 Armour: Robe              |    41 |    30 ||    71
  Dodge: Dodged            |    54 |    42 ||    96

Table legend: (Time is in decaauts)
 A = Elapsed time spent in this place.
 B = Non-inter-level travel time spent in this place.
 C = Inter-level travel time spent in this place.
 D = Time resting spent in this place.
 E = Time spent auto-exploring this place.
 F = Levels seen in this place.
 G = Mean time per level.
                   A        B        C        D        E       F      G
               +--------+--------+--------+--------+--------+-----+--------+
         Total |   2920 |   2802 |    118 |    208 |   2113 |   4 |  730.0 |
       Dungeon |   2920 |   2802 |    118 |    208 |   2113 |   4 |  730.0 |
               +--------+--------+--------+--------+--------+-----+--------+

Top non-repeatable levels by time:
     D:1: 1158 daAuts
     D:2: 942 daAuts
     D:3: 809 daAuts
     D:4: 11 daAuts
